 Dungeon Crawl Stone Soup version 0.31-a0-865-g3d5d91748a (webtiles) character file.

Game seed: 6729414216833387664

780 MachoJfn the Sneak (level 7, 0/61 HPs)
             Began as a Naga Ice Elementalist on Oct 10, 2023.
             Was a Believer of Kikubaaqudgha.
             Slain by a killer bee (4 damage)
             ... on level 5 of the Dungeon.
             The game lasted 00:12:14 (4091 turns).

MachoJfn the Sneak (Naga Ice Elementalist)          Turns: 4091, Time: 00:12:15

Health: 0/61       AC:  8    Str: 14    XL:     7   Next: 85%
Magic:  11/11      EV: 11    Int: 18    God:    Kikubaaqudgha [**....]
Gold:   168        SH:  0    Dex: 17    Spells: 8/12 levels left

rFire   . . .        m - +11 whip of Purpose {heavy, Str+4}
rCold   . . .        (no shield)
rNeg    . . .        a - +0 robe
rPois   +            (no helmet)
rElec   .            o - +0 cloak
rCorr   .            (no gloves)
SInv    +            (no barding)
Will    .....        t - amulet of magic regeneration
Stlth   +++          r - +4 ring of protection
HPRegen 0.30/turn    u - +6 ring of dexterity
MPRegen 0.52/turn

%: no passive effects
@: marked, invisible, very slow
A: AC +2, large, see invisible, deformed body, poison resistance, slowness 2,
spit poison 1, naga tail 1
a: Spit Poison, Renounce Religion, Unearth Wretches


You were on level 5 of the Dungeon.
You worshipped Kikubaaqudgha.
Kikubaaqudgha was pleased with you.
You visited 1 branch of the dungeon, and saw 5 of its levels.

You collected 168 gold pieces.

Inventory:

Hand Weapons
 e - a +2 spear of electrocution
 m - the +11 whip of Purpose (weapon) {heavy, Str+4}
   (You found it on level 2 of the Dungeon)

   Str+4:     It affects your strength (+4).
Missiles
 f - 10 large rocks
 k - 2 curare-tipped darts
 q - 29 stones
Armour
 a - a +0 robe (worn)
 o - a +0 cloak (worn)
Jewellery
 r - a +4 ring of protection (left hand)
 t - an amulet of magic regeneration (around neck)
 u - a +6 ring of dexterity (right hand)
Wands
 s - a wand of iceblast (10)
Scrolls
 d - a scroll of fog
 g - a scroll of vulnerability {unknown}
 h - 3 scrolls of teleportation
 j - a scroll of poison
Potions
 b - a potion of magic
 c - 2 potions of mutation
 i - a potion of curing
 p - a potion of enlightenment


   Skills:
 + Level 2.3 Fighting
 + Level 4.3 Maces & Flails
 + Level 0.8 Polearms
 + Level 3.3 Dodging
 + Level 6.4 Stealth
 - Level 0.5 Unarmed Combat
 - Level 3.0 Spellcasting
 - Level 0.3 Necromancy
 - Level 4.6 Ice Magic


You had 8 spell levels left.
You knew the following spells:

 Your Spells              Type           Power      Damage    Failure   Level
a - Freeze                Ice            76%        1d8       2%          1
b - Frozen Ramparts       Ice            38%        1d6       7%          3

Your spell library contained the following spells:

 Spells                   Type           Power      Damage    Failure   Level
 Ozocubu's Armour         Ice            19%        N/A       7%          3
 Necrotise                Necr           16%        1d4       14%         1
 Apportation              Tloc           4%         N/A       16%         1
 Kiss of Death            Conj/Necr      12%        2d6       16%         1
 Jinxbite                 Hex            4%         N/A       24%         2
 Wereblood                Tmut           2%         N/A       24%         2
 Vampiric Draining        Necr           4%         2d6       38%         3
 Summon Ice Beast         Ice/Summ       11%        N/A       52%         4
 Animate Dead             Necr           4%         N/A       80%         4
 Alistair's Intoxication  Tmut/Pois      1%         N/A       99%         5
 Irradiate                Conj/Tmut      1%         3d12      99%         5
 Iskenderun's Battlesphe  Conj           2%         2d6       99%         5
 Bombard                  Conj/Erth      1%         9d1       100%        6
 Spellforged Servitor     Conj/Summ      1%         N/A       100%        7


Dungeon Overview and Level Annotations

Branches:
Dungeon (5/15)
 Temple: D:4-7

Altars:
Kikubaaqudgha
Sif Muna


Innate Abilities, Weirdness & Mutations

Your serpentine skin is tough. (AC +2)
You have supernaturally acute eyesight. (SInv)
Armour fits poorly on your strangely shaped body.
Your system is resistant to poisons. (rPois)
You cover ground very slowly.
You can spit poison.
You have a snake-like lower body.


Message History

The killer bee stings you.
The killer bee stings you but does no damage.
The killer bee barely misses you. The adder closely misses you.
A killer bee comes into view.
You feel sick.
A scorpion comes into view.
The killer bee barely misses you. The killer bee misses you.
The killer bee stings you but does no damage.
The shadow imp grins evilly.
A killer bee comes into view.
You feel sick.
You are no longer poisoned.
The killer bee barely misses you. The killer bee stings you. x2
* * * LOW HITPOINT WARNING * * *
A white imp comes into view.
The killer bee stings you but does no damage.
The killer bee misses you. The killer bee barely misses you.
You whack the killer bee!
The killer bee is heavily wounded.
The killer bee stings you but does no damage.
The killer bee misses you. x2; The killer bee closely misses you.
The killer bee stings you but does no damage.
The killer bee barely misses you.
The killer bee stings you but does no damage.
The killer bee stings you.
* * * LOW HITPOINT WARNING * * *
You whack the killer bee!
You kill the killer bee!
Kikubaaqudgha accepts your kill. The killer bee stings you.
* * * LOW HITPOINT WARNING * * *
The killer bee stings you but does no damage.
The killer bee barely misses you. x2; The killer bee stings you.
* * * LOW HITPOINT WARNING * * *
The killer bee misses you.
A howler monkey comes into view.
The killer bee barely misses you. The killer bee misses you.
The killer bee stings you.
You die...
Kikubaaqudgha rasps: "You have failed me!
Welcome... death!"

.########.# .#
..........# .#
.###.###### .###
#.############...#
#..............#.####
#.###########........
#.# #.####..# #.#
#.yh## . #.# #@##$##
#.# #yyyS5#.# #.#
#s##o5h# #.#
#.##†#..# #.....#_#
..##.#..# ..##....#
...##..### ##.#.!##


You could see a scorpion (unable to see you), a howler monkey (unable to see
you), a hound, 4 killer bees, an adder (unable to see you), a white imp (unable
to see you), a shadow imp (unable to see you) and an orc (unable to see you).

Vanquished Creatures
  A black bear (D:4)
  An ogre (D:4)
  A phantom (D:4)
  2 scorpions (D:5)
  A killer bee (D:5)
  A hound (D:4)
  A gnoll bouda (D:5)
  Jessica (D:3)
  Natasha (D:3)
  4 iguanas
  4 gnolls (D:5)
  6 adders
  A shadow imp (D:5)
  A white imp (D:4)
  4 dart slugs
  4 orcs
  4 bats
  7 endoplasms
  5 giant cockroaches
  11 goblins
  5 hobgoblins
  2 jackals (D:3)
  3 quokkas
  10 ball pythons
  4 frilled lizards
  3 kobolds
  4 rats
92 creatures vanquished.

Vanquished Creatures (others)
  An endoplasm (D:2)
  A giant cockroach (D:2)
2 creatures vanquished.

Grand Total: 94 creatures vanquished

Notes
Turn   | Place    | Note
-------+----------+-------------------------------------------
     0 | D:1      | MachoJfn the Naga Ice Elementalist began the quest for the
                  | Orb.
     0 | D:1      | Reached XP level 1. HP: 15/15 MP: 3/3
   195 | D:1      | Reached XP level 2. HP: 14/22 MP: 0/5
   814 | D:1      | Reached XP level 3. HP: 24/28 MP: 1/6
  1014 | D:1      | Learned a level 3 spell: Frozen Ramparts
  1140 | D:2      | Identified the +11 whip of Purpose {heavy, Str+4}
  1572 | D:2      | Found a faded altar of an unknown god.
  1582 | D:2      | Prayed at the altar of an unknown god.
  1582 | D:2      | Became a worshipper of Kikubaaqudgha
  1582 | D:2      | Reached * piety under Kikubaaqudgha
  1582 | D:2      | Received a gift from Kikubaaqudgha
  2126 | D:3      | Reached XP level 4. HP: 36/36 MP: 5/7
  2285 | D:3      | Noticed Natasha
  2292 | D:3      | Killed Natasha
  2420 | D:3      | Noticed Jessica
  2427 | D:3      | Killed Jessica
  2428 | D:3      | Reached skill level 4 in Stealth
  2450 | D:3      | Reached XP level 5. HP: 42/42 MP: 9/9
  2782 | D:4      | Noticed a phantom
  2788 | D:4      | Killed a phantom
  2789 | D:4      | Reached skill level 1 in Maces & Flails
  2789 | D:4      | Reached skill level 5 in Stealth
  2993 | D:4      | Reached XP level 6. HP: 29/50 MP: 10/10
  3117 | D:4      | Noticed a black bear
  3121 | D:4      | Reached skill level 1 in Fighting
  3126 | D:4      | Killed a black bear
  3403 | D:4      | Reached skill level 6 in Stealth
  3403 | D:4      | Reached XP level 7. HP: 41/57 MP: 11/11
  3662 | D:5      | Entered Level 5 of the Dungeon
  3726 | D:5      | Reached ** piety under Kikubaaqudgha
  4050 | D:5      | Found a shimmering blue altar of Sif Muna.
  4091 | D:5      | Slain by a killer bee

Illustrated notes

Levels and vault maps discovered:
D:1:      onia_arrival_mini_spirals, layout_basic, serial_corexii_hall,
          corexii_hall_statues_i, corexii_hall_statues_x, minmay_parallelograms
D:2:      layout_loops_ring, shapermc_ecumenical_altar_totnotflames,
          grunt_decor_one_mirror
D:3:      layout_basic, uniq_jessica, uniq_natasha
D:4:      layout_loops_ring, minmay_ogre_servants
D:5:      layout_loops_ring, minmay_temple_entry_tees, serial_demonic,
          serial_demonic_c, serial_demonic_d, serial_demonic_d,
          serial_demonic_f, minmay_ruined_shrine

Skill      XL: |  1  2  3  4  5  6  7 |
---------------+----------------------+-----
Stealth        | 4 5 6 |  6.4
Spellcasting   | 3 |  3.0
Maces & Flails | 1 3 4 |  4.3
Dodging        | 2 3 |  3.3
Fighting       | 1 2 |  2.3
Polearms       | |  0.8
Unarmed Combat | |  0.5
Necromancy     | |  0.3
Ice Magic      | |  4.6

Action                     |  1- 3 |  4- 6 |  7- 9 || total
---------------------------+-------+-------+-------++-------
  Melee: Spear             |    29 |       |       ||    29
         Unarmed           |     5 |       |       ||     5
         Whip              |     6 |    55 |    54 ||   115
         Punch             |     1 |       |       ||     1
   Cast: Freeze            |    33 |       |       ||    33
         Frozen Ramparts   |     2 |     1 |       ||     3
 Invoke: Unearth Wretches  |     1 |       |       ||     1
Ability: Spit Poison       |       |     4 |       ||     4
    Use: Scroll            |       |    10 |       ||    10
         Potion            |       |     2 |     1 ||     3
   Stab: Sleeping          |     5 |     5 |     1 ||    11
 Armour: Robe              |    32 |    56 |    81 ||   169
  Dodge: Dodged            |    21 |    48 |    84 ||   153

Table legend: (Time is in decaauts)
 A = Elapsed time spent in this place.
 B = Non-inter-level travel time spent in this place.
 C = Inter-level travel time spent in this place.
 D = Time resting spent in this place.
 E = Time spent auto-exploring this place.
 F = Levels seen in this place.
 G = Mean time per level.
                   A        B        C        D        E       F      G
               +--------+--------+--------+--------+--------+-----+--------+
         Total |   5303 |   5098 |    205 |    500 |   3452 |   5 | 1060.6 |
       Dungeon |   5303 |   5098 |    205 |    500 |   3452 |   5 | 1060.6 |
               +--------+--------+--------+--------+--------+-----+--------+

Top non-repeatable levels by time:
     D:1: 1351 daAuts
     D:3: 1212 daAuts
     D:4: 1185 daAuts
     D:2: 1057 daAuts
     D:5: 496 daAuts
